Tucson Roadrunners vs Philadelphia Phantoms

Created - Thursday, January 29, 2026 at 09:41

Goals
1 2 3 OT1 T
Tucson Roadrunners 1 0 0 1 2
Philadelphia Phantoms 1 0 0 0 1
Shots
1 2 3 OT1 T
Tucson Roadrunners 10 6 17 1 34
Philadelphia Phantoms 19 4 6 0 29

1st period

1. Tucson Roadrunners , Steven Lorentz 4 (Ty Dellandrea 11, Maxwell Crozier 4) at 7:38
2. Philadelphia Phantoms , Dylan Coghlan 1 (Luca Del Bel Belluz 9, Nils Aman 9) at 19:32

Penalties :
No Penalty

2nd period

No Goal

Penalties :
Tye Kartye (PHP) for Tripping (Minor) at 0:19, Jaroslav Chmelar (PHP) for Fighting (Major) at 3:01, Andre Lee (TRR) for Fighting (Major) at 3:01, Kai Uchacz (PHP) for Cross-checking (Minor) at 3:14, Ryan Johnson (PHP) for Delaying the game (Minor) at 18:50

3rd period

No Goal

Penalties :
Tye Kartye (PHP) for Hooking (Minor) at 5:59, Marc Gatcomb (PHP) for Boarding (Minor) at 14:48

Overtime #1

3. Tucson Roadrunners , Samuel Knazko 1 (Tyson Barrie 6, Arturs Silovs) at 2:14

Penalties :
Jani Hakanpaa (TRR) for Cross-checking (Minor) at 0:03

Goalie Stats

Arturs Silovs (TRR), 28 saves from 29 shots - (0.966), W, 9-1-0, 62:14 minutes
Colten Ellis (PHP), 32 saves from 34 shots - (0.941), OTL, 2-0-1, 62:14 minutes

Players Stats for Tucson Roadrunners

Player Name              G  A  P  +/- PIM S  H  SB GA TA FO     MP     PP MP  PK MP  
------------------------------------------------------------------------------------
                         0  0  0   0  0   0  0  0  0  0  0/0     0:00   0:00   0:00 
Andre Lee                0  0  0  -1  5   1  0  0  0  2  0/0     9:56   0:09   0:00 
Chase Wheatcroft         0  0  0   0  0   4  0  0  1  1  3/8    13:18   0:00   0:03 
Dryden Hunt              0  0  0   1  0   0  1  1  0  0  0/0    17:23   4:58   0:00 
Fabian Wagner            0  0  0  -1  0   0  1  0  0  0  0/0     9:59   0:11   0:00 
Hunter Drew              0  0  0   0  0   2  0  0  0  0  0/0    15:25   0:00   0:00 
Hunter Haight            0  0  0   0  0   1  0  0  0  0  2/2    18:20   4:57   1:00 
Ivan Ivan                0  0  0   0  0   4  2  0  2  0  5/14   17:01   4:44   0:00 
Jani Hakanpaa            0  0  0  -1  2   3  3  2  0  1  0/0    25:14   5:06   0:00 
Matt Luff                0  0  0   0  0   3  1  0  0  0  1/2    13:48   0:20   0:00 
Maxwell Crozier          0  1  1   2  0   0  4  1  0  0  0/0    20:16   4:49   0:41 
Ondrej Pavel             0  0  0  -1  0   4  1  1  1  1  1/3     9:55   0:00   0:00 
Samuel Knazko            1  0  1   0  0   1  1  0  0  0  0/0    16:51   0:00   1:18 
Steven Lorentz           1  0  1   1  0   6  5  0  1  0  2/2    20:46   4:51   0:56 
Topias Vilen             0  0  0   2  0   1  1  0  0  1  0/0    20:16   4:49   0:41 
Trevor Kuntar            0  0  0   1  0   2  4  0  0  0  0/0    14:55   0:00   0:00 
Ty Dellandrea            0  1  1   2  0   0  1  0  0  1  7/18   19:58   4:51   0:00 
Tyson Barrie             0  1  1  -1  0   1  1  1  0  2  0/0    26:33   5:06   1:18 
William Carrier          0  0  0   0  0   1  1  1  0  1  0/0    17:01   4:44   0:00 

Players Stats for Philadelphia Phantoms

Player Name              G  A  P  +/- PIM S  H  SB GA TA FO     MP     PP MP  PK MP  
------------------------------------------------------------------------------------
                         0  0  0   0  0   0  0  0  0  0  0/0     0:00   0:00   0:00 
Adam Klapka              0  0  0   0  0   4  5  2  1  0  0/0    12:22   0:00   0:18 
Albert Johansson         0  0  0   0  0   0  3  2  0  1  0/0    23:30   0:00   4:45 
Dylan Coghlan            1  0  1   0  0   3  0  1  0  0  0/0    22:45   0:00   5:04 
Jacob Quillan            0  0  0  -1  0   2  3  0  0  0  7/11   18:39   0:00   4:36 
Jaroslav Chmelar         0  0  0   0  5   1  2  1  1  2  0/0    13:51   0:00   3:36 
Kai Uchacz               0  0  0   0  2   1  2  0  0  0  1/5    11:30   0:00   0:00 
Luca Del Bel Belluz      0  1  1   1  0   5  2  1  0  1  14/23  20:08   0:00   4:44 
Marc Gatcomb             0  0  0  -1  2   4  0  0  1  0  0/0    12:06   0:00   0:00 
Marcel Marcel            0  0  0   0  0   1  2  0  0  0  3/6    11:53   0:00   0:00 
Matt Rempe               0  0  0   0  0   2  4  0  1  0  0/0    11:53   0:00   0:00 
Michael Callahan         0  0  0   0  0   0  1  2  0  0  0/0    21:33   0:00   5:04 
Michael Carcone          0  0  0  -2  0   2  0  0  1  0  0/1    13:02   0:00   0:00 
Nils Aman                0  1  1   1  0   2  2  0  3  0  0/0    16:14   0:00   1:09 
Ryan Johnson             0  0  0   0  2   0  1  2  0  0  0/0    16:53   0:00   0:06 
Ryan Winterton           0  0  0  -1  0   2  1  2  1  0  1/1    17:56   0:00   4:58 
Samuel Johannesson       0  0  0  -1  0   0  1  1  0  1  0/0    17:11   0:00   0:06 
Tye Kartye               0  0  0   1  4   0  3  0  0  0  2/2    14:48   0:00   0:29 
Tyler Kleven             0  0  0  -1  0   0  2  2  1  0  0/0    22:41   0:00   4:45 

3 Stars

1 - Arturs Silovs (TRR)
2 - Steven Lorentz (TRR)
3 - Maxwell Crozier (TRR)

Power Play

Tucson Roadrunners - 0 on 5 Attempt(s) - 0.00%
Philadelphia Phantoms - 0 on 1 Attempt(s) - 0.00%

Penalty Kill

Tucson Roadrunners - 1 on 1 Attempt(s) - 100.00% - Score 0 goal in Penalty Kill
Philadelphia Phantoms - 5 on 5 Attempt(s) - 100.00% - Score 0 goal in Penalty Kill

Team Stat

Tucson Roadrunners - Hits : 27 - Faceoff Wins : 21 - Blocked Shots : 7 - Penalty Minutes : 7
Philadelphia Phantoms - Hits : 34 - Faceoff Wins : 28 - Blocked Shots : 16 - Penalty Minutes : 15

Official

Referees : Garrett Rank and Brandon Schrader
Linesman : Justin Johnson and Mitchell Hunt

Game Notes

Jaroslav Chmelar beats up Andre Lee at 3:01 of 2nd period

Tucson Roadrunners

5 vs 5 Forward 
   Center                   Left Wing                Right Wing               Time % Phy DF OF 
 1 Ty Dellandrea            Trevor Kuntar            Steven Lorentz           35     1   1  3  
 2 Ivan Ivan                Dryden Hunt              William Carrier          30     1   1  3  
 3 Chase Wheatcroft         Matt Luff                Hunter Haight            25     1   2  2  
 4 Ondrej Pavel             Andre Lee                Fabian Wagner            10     1   2  2  

5 vs 5 Defense 
   Defense                  Defense                                           Time % Phy DF OF 
 1 Jani Hakanpaa            Tyson Barrie                                      30     1   3  1  
 2 Maxwell Crozier          Topias Vilen                                      30     1   3  1  
 3 Hunter Drew              Samuel Knazko                                     25     1   2  2  
 4 Jani Hakanpaa            Tyson Barrie                                      15     1   2  2  

PowerPlay Forward 
   Center                   Left Wing                Right Wing               Time % Phy DF OF 
 1 Ty Dellandrea            Steven Lorentz           Hunter Haight            50     1   2  2  
 2 Ivan Ivan                Dryden Hunt              William Carrier          50     1   2  2  

PowerPlay Defense
   Defense                  Defense                                           Time % Phy DF OF 
 1 Jani Hakanpaa            Tyson Barrie                                      50     1   2  2  
 2 Maxwell Crozier          Topias Vilen                                      50     1   2  2  

Penalty Kill 4 Players Forward 
   Center                   Wing                     Time % Phy DF OF 
 1 Hunter Haight            Steven Lorentz           50     1   2  2  
 2 Ty Dellandrea            Dryden Hunt              50     1   2  2  

Penalty Kill 4 Players Defense
   Defense                  Defense                  Time % Phy DF OF 
 1 Jani Hakanpaa            Tyson Barrie             50     1   2  2  
 2 Maxwell Crozier          Topias Vilen             50     1   2  2  

Penalty Kill - 3 Players Forward 
   Forward                                           Time % Phy DF OF 
 1 Hunter Haight                                     50     1   2  2  
 2 Steven Lorentz                                    50     1   2  2  

Penalty Kill - 3 Players Defense
   Defense                  Defense                  Time % Phy DF OF 
 1 Jani Hakanpaa            Tyson Barrie             50     1   2  2  
 2 Maxwell Crozier          Topias Vilen             50     1   2  2  

4 vs 4 Forward 
   Center                   Wing                     Time % Phy DF OF 
 1 Hunter Haight            Steven Lorentz           50     1   2  2  
 2 Ty Dellandrea            Dryden Hunt              50     1   2  2  

4 vs 4 Defense
   Defense                  Defense                  Time % Phy DF OF 
 1 Jani Hakanpaa            Tyson Barrie             50     1   2  2  
 2 Maxwell Crozier          Topias Vilen             50     1   2  2  

Last Minutes Offensive
   Center                   Left Wing                Right Wing               Defense                  Defense                  
   Steven Lorentz           Hunter Haight            Ty Dellandrea            Jani Hakanpaa            Tyson Barrie             

Last Minutes Defensive
   Center                   Left Wing                Right Wing               Defense                  Defense                  
   Steven Lorentz           Hunter Haight            Ty Dellandrea            Jani Hakanpaa            Tyson Barrie             

Goaltenders
Starting : Arturs Silovs            
Backup : Vyacheslav Peksa         

Extra Forwards
Normal : Matt Luff, Andre Lee, Chase Wheatcroft - PP : Matt Luff, Andre Lee - PK : Chase Wheatcroft
Extra Defensemen
Normal : Hunter Drew, Samuel Knazko, Maxwell Crozier - PP : Hunter Drew - PK : Samuel Knazko, Maxwell Crozier
Penalty Shots
Hunter Haight, Steven Lorentz, Ty Dellandrea, Dryden Hunt, William Carrier

Scratches
Zach Dean (Healthy), Atley Calvert (Sore Right Knee Injury), Lleyton Moore (Healthy), Brock McGinn (Left Leg Injury), Corson Ceulemans (Healthy)
Ryan Mast (Healthy), Dyllan Gill (Healthy), Magnus Chrona (Healthy), Georgi Romanov (Healthy), Ruslan Khazheyev (Healthy)

Philadelphia Phantoms

5 vs 5 Forward 
   Center                   Left Wing                Right Wing               Time % Phy DF OF 
 1 Luca Del Bel Belluz      Nils Aman                Tye Kartye               30     1   2  2  
 2 Jacob Quillan            Michael Carcone          Ryan Winterton           30     1   2  2  
 3 Kai Uchacz               Marc Gatcomb             Jaroslav Chmelar         25     1   2  2  
 4 Marcel Marcel            Adam Klapka              Matt Rempe               15     1   2  2  

5 vs 5 Defense 
   Defense                  Defense                                           Time % Phy DF OF 
 1 Samuel Johannesson       Tyler Kleven                                      35     1   2  2  
 2 Albert Johansson         Ryan Johnson                                      35     1   2  2  
 3 Michael Callahan         Dylan Coghlan                                     30     1   2  2  
 4 Samuel Johannesson       Tyler Kleven                                      0      1   2  2  

PowerPlay Forward 
   Center                   Left Wing                Right Wing               Time % Phy DF OF 
 1 Luca Del Bel Belluz      Marc Gatcomb             Nils Aman                50     1   2  2  
 2 Jacob Quillan            Adam Klapka              Michael Carcone          50     1   2  2  

PowerPlay Defense
   Defense                  Defense                                           Time % Phy DF OF 
 1 Dylan Coghlan            Albert Johansson                                  50     1   2  2  
 2 Samuel Johannesson       Tyler Kleven                                      50     1   2  2  

Penalty Kill 4 Players Forward 
   Center                   Wing                     Time % Phy DF OF 
 1 Jacob Quillan            Jaroslav Chmelar         50     1   2  2  
 2 Luca Del Bel Belluz      Ryan Winterton           50     1   2  2  

Penalty Kill 4 Players Defense
   Defense                  Defense                  Time % Phy DF OF 
 1 Albert Johansson         Tyler Kleven             50     1   2  2  
 2 Dylan Coghlan            Michael Callahan         50     1   2  2  

Penalty Kill - 3 Players Forward 
   Forward                                           Time % Phy DF OF 
 1 Jacob Quillan                                     50     1   2  2  
 2 Jaroslav Chmelar                                  50     1   2  2  

Penalty Kill - 3 Players Defense
   Defense                  Defense                  Time % Phy DF OF 
 1 Albert Johansson         Tyler Kleven             50     1   2  2  
 2 Dylan Coghlan            Michael Callahan         50     1   2  2  

4 vs 4 Forward 
   Center                   Wing                     Time % Phy DF OF 
 1 Luca Del Bel Belluz      Nils Aman                50     1   2  2  
 2 Jacob Quillan            Michael Carcone          50     1   2  2  

4 vs 4 Defense
   Defense                  Defense                  Time % Phy DF OF 
 1 Samuel Johannesson       Tyler Kleven             50     1   2  2  
 2 Albert Johansson         Dylan Coghlan            50     1   2  2  

Last Minutes Offensive
   Center                   Left Wing                Right Wing               Defense                  Defense                  
   Luca Del Bel Belluz      Marc Gatcomb             Nils Aman                Dylan Coghlan            Albert Johansson         

Last Minutes Defensive
   Center                   Left Wing                Right Wing               Defense                  Defense                  
   Jacob Quillan            Jaroslav Chmelar         Luca Del Bel Belluz      Albert Johansson         Tyler Kleven             

Goaltenders
Starting : Colten Ellis             
Backup : Cooper Black             

Extra Forwards
Normal : Luca Del Bel Belluz, Jacob Quillan, Marc Gatcomb - PP : Luca Del Bel Belluz, Jacob Quillan - PK : Jacob Quillan
Extra Defensemen
Normal : Tyler Kleven, Dylan Coghlan, Samuel Johannesson - PP : Samuel Johannesson - PK : Albert Johansson, Dylan Coghlan
Penalty Shots
Jacob Quillan, Kai Uchacz, Dylan Coghlan, Jaroslav Chmelar, Marcel Marcel

Scratches
Chase Bradley (Healthy), Noah Laba (Healthy), Sam Lipkin (Healthy), Parker Bell (Healthy), Gavin Hayes (Healthy)
Anton Johansson (Healthy), Noel Gunler (Healthy), Isaac Poulter (Healthy)

% Time on Ice - Tucson Roadrunners

Lines # - Real PCT - Wanted PCT - Time Play
Normal Forward
1 - 31% - 35% - 15:26
2 - 25% - 30% - 12:42
3 - 24% - 25% - 12:07
4 - 20% - 10% - 9:50
Normal Defense
1 - 28% - 30% - 13:51
2 - 29% - 30% - 14:43
3 - 30% - 25% - 14:58
4 - 13% - 15% - 6:33
PP Forward
1 - 50% - 50% - 4:57
2 - 50% - 50% - 4:58
PP Defense
1 - 51% - 50% - 5:06
2 - 49% - 50% - 4:49
PK Forward
1 - 0% - 50%
2 - 0% - 50%
PK Defense
1 - 0% - 50%
2 - 0% - 50%
PK3 Forward
1 - 50% - 50% - 1:00
2 - 50% - 50% - 0:59
PK3 Defense
1 - 66% - 50% - 1:18
2 - 34% - 50% - 0:41
44 Forward
1 - 27% - 50% - 0:04
2 - 73% - 50% - 0:11
44 Defense
1 - 80% - 50% - 0:12
2 - 20% - 50% - 0:03
Last Minute Offensive  - 0:00
Last Minute Defensive  - 0:00
Total
Forward - 62:14
Defense - 62:14

% Time on Ice - Philadelphia Phantoms

Lines # - Real PCT - Wanted PCT - Time Play
Normal Forward
1 - 28% - 30% - 14:16
2 - 25% - 30% - 12:33
3 - 23% - 25% - 11:23
4 - 24% - 15% - 11:53
Normal Defense
1 - 34% - 35% - 16:53
2 - 36% - 35% - 17:56
3 - 30% - 30% - 14:49
4 - 1% - 0% - 0:27
PP Forward
1 - 0% - 50%
2 - 0% - 50%
PP Defense
1 - 0% - 50%
2 - 0% - 50%
PK Forward
1 - 51% - 50% - 5:02
2 - 49% - 50% - 4:53
PK Defense
1 - 48% - 50% - 4:45
2 - 52% - 50% - 5:10
PK3 Forward
1 - 0% - 50%
2 - 0% - 50%
PK3 Defense
1 - 0% - 50%
2 - 0% - 50%
44 Forward
1 - 52% - 50% - 1:10
2 - 48% - 50% - 1:04
44 Defense
1 - 46% - 50% - 1:02
2 - 54% - 50% - 1:12
Last Minute Offensive  - 0:00
Last Minute Defensive  - 0:00
Total
Forward - 62:14
Defense - 62:14

Play-by-Play

1st period


0:01 of 1st period - Luca Del Bel Belluz wins face-off versus Ty Dellandrea in neutral zone.
0:39 of 1st period - Wrist shot by Ivan Ivan.
0:39 of 1st period - Shot Hit the Post.
1:08 of 1st period - Snap shot by Chase Wheatcroft.
1:08 of 1st period - Stopped by Colten Ellis without a rebound.
1:09 of 1st period - Marcel Marcel wins face-off versus Ondrej Pavel in Philadelphia Phantoms zone.
1:41 of 1st period - Snap shot by Marc Gatcomb.
1:41 of 1st period - Stopped by Arturs Silovs without a rebound.
1:42 of 1st period - Chase Wheatcroft wins face-off versus Kai Uchacz in Tucson Roadrunners zone.
1:44 of 1st period - Icing by Matt Luff.
1:45 of 1st period - Jacob Quillan wins face-off versus Chase Wheatcroft in Tucson Roadrunners zone.
2:13 of 1st period - Off-side.
2:14 of 1st period - Luca Del Bel Belluz wins face-off versus Ty Dellandrea in neutral zone.
2:29 of 1st period - Jani Hakanpaa is hit by Tye Kartye and loses puck.
3:11 of 1st period - Snap shot by Matt Rempe.
3:11 of 1st period - Shot Misses the Net.
3:17 of 1st period - Ryan Johnson is hit by Maxwell Crozier and loses puck.
3:28 of 1st period - Matt Rempe is hit by Steven Lorentz and loses puck.
3:57 of 1st period - Snap shot by Adam Klapka.
3:57 of 1st period - Stopped by Arturs Silovs without a rebound.
3:58 of 1st period - Luca Del Bel Belluz wins face-off versus Ivan Ivan in Tucson Roadrunners zone.
4:11 of 1st period - Snap shot by Nils Aman.
4:11 of 1st period - Shot Blocked by William Carrier.
4:13 of 1st period - Snap shot by Nils Aman.
4:13 of 1st period - Stopped by Arturs Silovs with a rebound.
4:23 of 1st period - Jacob Quillan is hit by Steven Lorentz and loses puck.
4:48 of 1st period - Kai Uchacz is hit by Jani Hakanpaa and loses puck.
5:18 of 1st period - Snap shot by Marc Gatcomb.
5:18 of 1st period - Shot Misses the Net.
5:20 of 1st period - Snap shot by Dylan Coghlan.
5:20 of 1st period - Stopped by Arturs Silovs without a rebound.
5:21 of 1st period - Luca Del Bel Belluz wins face-off versus Ty Dellandrea in Tucson Roadrunners zone.
5:24 of 1st period - Wrist shot by Luca Del Bel Belluz.
5:24 of 1st period - Stopped by Arturs Silovs with a rebound.
5:26 of 1st period - Snap shot by Nils Aman.
5:26 of 1st period - Stopped by Arturs Silovs with a rebound.
5:28 of 1st period - Wrist shot by Michael Callahan.
5:28 of 1st period - Shot Misses the Net.
5:30 of 1st period - Wrist shot by Dylan Coghlan.
5:30 of 1st period - Shot Misses the Net.
5:32 of 1st period - Slapshot by Michael Callahan.
5:32 of 1st period - Deflect By Luca Del Bel Belluz.
5:32 of 1st period - Stopped by Arturs Silovs without a rebound.
5:33 of 1st period - Luca Del Bel Belluz wins face-off versus Ty Dellandrea in Tucson Roadrunners zone.
5:36 of 1st period - Wrist shot by Luca Del Bel Belluz.
5:36 of 1st period - Shot Misses the Net.
6:12 of 1st period - Icing by Ryan Winterton.
6:13 of 1st period - Ty Dellandrea wins face-off versus Jacob Quillan in Philadelphia Phantoms zone.
7:14 of 1st period - Snap shot by Michael Carcone.
7:14 of 1st period - Shot Misses the Net.
7:32 of 1st period - Wrist shot by Steven Lorentz.
7:32 of 1st period - Shot Blocked by Ryan Winterton.
7:34 of 1st period - Slapshot by Ty Dellandrea.
7:34 of 1st period - Shot Misses the Net.
7:38 of 1st period - Wrist shot by Steven Lorentz.
7:38 of 1st period - Goal by Steven Lorentz - Tucson Roadrunners : 1 - Philadelphia Phantoms : 0.
7:39 of 1st period - Luca Del Bel Belluz wins face-off versus Ivan Ivan in neutral zone.
7:48 of 1st period - Wrist shot by Nils Aman.
7:48 of 1st period - Shot Blocked by Tyson Barrie.
8:20 of 1st period - Icing by Samuel Knazko.
8:21 of 1st period - Chase Wheatcroft wins face-off versus Marcel Marcel in Tucson Roadrunners zone.
8:50 of 1st period - Snap shot by Matt Luff.
8:50 of 1st period - Stopped by Colten Ellis with a rebound.
9:08 of 1st period - Wrist shot by Andre Lee.
9:08 of 1st period - Shot Blocked by Samuel Johannesson.
9:47 of 1st period - Snap shot by Jaroslav Chmelar.
9:47 of 1st period - Stopped by Arturs Silovs with a rebound.
10:08 of 1st period - Snap shot by Michael Carcone.
10:08 of 1st period - Shot Misses the Net.
10:10 of 1st period - Snap shot by Michael Carcone.
10:10 of 1st period - Stopped by Arturs Silovs with a rebound.
10:39 of 1st period - Matt Luff is hit by Michael Callahan and loses puck.
10:50 of 1st period - Kai Uchacz is hit by Topias Vilen and loses puck.
11:01 of 1st period - Hunter Drew is hit by Ryan Johnson and loses puck.
11:56 of 1st period - Jani Hakanpaa is hit by Jacob Quillan and loses puck.
12:07 of 1st period - Andre Lee is hit by Kai Uchacz.
12:26 of 1st period - Dylan Coghlan is hit by Trevor Kuntar and loses puck.
13:11 of 1st period - Slapshot by Michael Carcone.
13:11 of 1st period - Stopped by Arturs Silovs with a rebound.
13:42 of 1st period - Slapshot by Marc Gatcomb.
13:42 of 1st period - Stopped by Arturs Silovs without a rebound.
13:43 of 1st period - Tye Kartye wins face-off versus Chase Wheatcroft in Tucson Roadrunners zone.
13:48 of 1st period - Wrist shot by Luca Del Bel Belluz.
13:48 of 1st period - Shot Blocked by Maxwell Crozier.
14:40 of 1st period - Slapshot by Jacob Quillan.
14:40 of 1st period - Stopped by Arturs Silovs without a rebound.
14:41 of 1st period - Ivan Ivan wins face-off versus Luca Del Bel Belluz in Tucson Roadrunners zone.
15:13 of 1st period - Wrist shot by Hunter Haight.
15:13 of 1st period - Stopped by Colten Ellis with a rebound.
15:51 of 1st period - Wrist shot by Andre Lee.
15:51 of 1st period - Stopped by Colten Ellis with a rebound.
15:53 of 1st period - Slapshot by Tyson Barrie.
15:53 of 1st period - Shot Blocked by Adam Klapka.
15:55 of 1st period - Slapshot by Tyson Barrie.
15:55 of 1st period - Shot Misses the Net.
15:57 of 1st period - Snap shot by Andre Lee.
15:57 of 1st period - Shot Misses the Net.
16:17 of 1st period - Backhand shot by Ivan Ivan.
16:17 of 1st period - Deflect By Dryden Hunt.
16:17 of 1st period - Shot Blocked by Ryan Johnson.
16:17 of 1st period - Puck is out of play.
16:18 of 1st period - Kai Uchacz wins face-off versus Chase Wheatcroft in Philadelphia Phantoms zone.
16:23 of 1st period - Snap shot by Marc Gatcomb.
16:23 of 1st period - Stopped by Arturs Silovs with a rebound.
16:25 of 1st period - Snap shot by Kai Uchacz.
16:25 of 1st period - Deflect By Marc Gatcomb.
16:25 of 1st period - Shot Misses the Net.
16:25 of 1st period - Puck is out of play.
16:26 of 1st period - Chase Wheatcroft wins face-off versus Kai Uchacz in Tucson Roadrunners zone.
16:56 of 1st period - Slapshot by Marc Gatcomb.
16:56 of 1st period - Stopped by Arturs Silovs with a rebound.
17:04 of 1st period - Snap shot by Kai Uchacz.
17:04 of 1st period - Stopped by Arturs Silovs without a rebound.
17:05 of 1st period - Luca Del Bel Belluz wins face-off versus Ivan Ivan in Tucson Roadrunners zone.
17:16 of 1st period - Slapshot by Luca Del Bel Belluz.
17:16 of 1st period - Stopped by Arturs Silovs with a rebound.
17:18 of 1st period - Wrist shot by Luca Del Bel Belluz.
17:18 of 1st period - Shot Misses the Net.
17:38 of 1st period - Slapshot by Steven Lorentz.
17:38 of 1st period - Stopped by Colten Ellis with a rebound.
17:40 of 1st period - Slapshot by Jani Hakanpaa.
17:40 of 1st period - Shot Misses the Net.
17:42 of 1st period - Slapshot by Tyson Barrie.
17:42 of 1st period - Stopped by Colten Ellis with a rebound.
17:56 of 1st period - Wrist shot by Ondrej Pavel.
17:56 of 1st period - Stopped by Colten Ellis without a rebound.
17:57 of 1st period - Ondrej Pavel wins face-off versus Luca Del Bel Belluz in Philadelphia Phantoms zone.
18:12 of 1st period - Snap shot by Luca Del Bel Belluz.
18:12 of 1st period - Stopped by Arturs Silovs with a rebound.
18:32 of 1st period - Wrist shot by Steven Lorentz.
18:32 of 1st period - Stopped by Colten Ellis with a rebound.
19:04 of 1st period - Tyson Barrie is hit by Adam Klapka.
19:14 of 1st period - Wrist shot by Adam Klapka.
19:14 of 1st period - Stopped by Arturs Silovs with a rebound.
19:30 of 1st period - Snap shot by Luca Del Bel Belluz.
19:30 of 1st period - Shot Misses the Net.
19:32 of 1st period - Slapshot by Dylan Coghlan.
19:32 of 1st period - Goal by Dylan Coghlan - Tucson Roadrunners : 1 - Philadelphia Phantoms : 1.
19:33 of 1st period - Ty Dellandrea wins face-off versus Luca Del Bel Belluz in neutral zone.
19:40 of 1st period - Backhand shot by Steven Lorentz.
19:40 of 1st period - Shot Misses the Net.
19:48 of 1st period - Slapshot by Steven Lorentz.
19:48 of 1st period - Shot Blocked by Ryan Johnson.
19:58 of 1st period - Wrist shot by William Carrier.
19:58 of 1st period - Stopped by Colten Ellis with a rebound.
Goals for this period are 1 for Tucson Roadrunners vs 1 for Philadelphia Phantoms.
Shots for this period are 10 for Tucson Roadrunners vs 19 for Philadelphia Phantoms.

2nd period


0:01 of 2nd period - Ivan Ivan wins face-off versus Luca Del Bel Belluz in neutral zone.
0:19 of 2nd period - Minor Penalty to Tye Kartye for Tripping.
0:20 of 2nd period - Jacob Quillan wins face-off versus Ty Dellandrea in Philadelphia Phantoms zone.
2:11 of 2nd period - Luca Del Bel Belluz is hit by Steven Lorentz and loses puck.
2:19 of 2nd period - Penalty to Tye Kartye is over, Tye Kartye is back on ice.
2:22 of 2nd period - Tye Kartye is hit by Fabian Wagner and loses puck.
2:48 of 2nd period - Icing by Matt Luff.
2:49 of 2nd period - Marcel Marcel wins face-off versus Chase Wheatcroft in Tucson Roadrunners zone.
2:52 of 2nd period - Backhand shot by Adam Klapka.
2:52 of 2nd period - Stopped by Arturs Silovs with a rebound.
3:01 of 2nd period - Jaroslav Chmelar beats up Andre Lee.
3:01 of 2nd period - Penalty to Jaroslav Chmelar for Fighting.
3:01 of 2nd period - Penalty to Andre Lee for Fighting.
3:02 of 2nd period - Ty Dellandrea wins face-off versus Kai Uchacz in Philadelphia Phantoms zone.
3:14 of 2nd period - Minor Penalty to Kai Uchacz for Cross-checking.
3:15 of 2nd period - Jacob Quillan wins face-off versus Ivan Ivan in Philadelphia Phantoms zone.
3:23 of 2nd period - Snap shot by Ivan Ivan.
3:23 of 2nd period - Stopped by Colten Ellis with a rebound.
3:25 of 2nd period - Slapshot by Ivan Ivan.
3:25 of 2nd period - Stopped by Colten Ellis with a rebound.
3:51 of 2nd period - Wrist shot by Ryan Winterton.
3:51 of 2nd period - Shot Misses the Net.
4:17 of 2nd period - Dryden Hunt is hit by Albert Johansson and loses puck.
5:14 of 2nd period - Penalty to Kai Uchacz is over, Kai Uchacz is back on ice.
5:30 of 2nd period - Hunter Drew is hit by Adam Klapka.
7:40 of 2nd period - Ryan Johnson is hit by Ivan Ivan and loses puck.
8:24 of 2nd period - Jani Hakanpaa is hit by Tye Kartye and loses puck.
8:41 of 2nd period - Marcel Marcel is hit by Jani Hakanpaa and loses puck.
9:03 of 2nd period - Dylan Coghlan is hit by Samuel Knazko and loses puck.
9:35 of 2nd period - Andre Lee is hit by Adam Klapka and loses puck.
10:06 of 2nd period - Topias Vilen is hit by Kai Uchacz and loses puck.
10:19 of 2nd period - Ty Dellandrea is hit by Albert Johansson and loses puck.
10:36 of 2nd period - Slapshot by Matt Luff.
10:36 of 2nd period - Shot Misses the Net.
10:38 of 2nd period - Slapshot by Jani Hakanpaa.
10:38 of 2nd period - Deflect By Albert Johansson.
10:38 of 2nd period - Stopped by Colten Ellis with a rebound.
10:57 of 2nd period - Tyler Kleven is hit by Maxwell Crozier and loses puck.
11:15 of 2nd period - Jani Hakanpaa is hit by Tyler Kleven and loses puck.
11:41 of 2nd period - Trevor Kuntar is hit by Adam Klapka and loses puck.
12:47 of 2nd period - Snap shot by Marc Gatcomb.
12:47 of 2nd period - Shot Blocked by Ondrej Pavel.
12:59 of 2nd period - Samuel Knazko is hit by Adam Klapka and loses puck.
13:14 of 2nd period - Steven Lorentz is hit by Ryan Winterton and loses puck.
14:12 of 2nd period - Dryden Hunt is hit by Jacob Quillan.
14:16 of 2nd period - Ryan Johnson is hit by Maxwell Crozier.
14:31 of 2nd period - Chase Wheatcroft is hit by Matt Rempe and loses puck.
14:44 of 2nd period - Icing by Tyler Kleven.
14:45 of 2nd period - Ivan Ivan wins face-off versus Marcel Marcel in Philadelphia Phantoms zone.
15:34 of 2nd period - Albert Johansson is hit by Steven Lorentz and loses puck.
16:10 of 2nd period - Snap shot by Matt Rempe.
16:10 of 2nd period - Stopped by Arturs Silovs with a rebound.
16:12 of 2nd period - Wrist shot by Adam Klapka.
16:12 of 2nd period - Shot Misses the Net.
16:24 of 2nd period - Snap shot by Adam Klapka.
16:24 of 2nd period - Shot Misses the Net.
16:26 of 2nd period - Snap shot by Marcel Marcel.
16:26 of 2nd period - Stopped by Arturs Silovs without a rebound.
16:27 of 2nd period - Luca Del Bel Belluz wins face-off versus Ty Dellandrea in Tucson Roadrunners zone.
16:40 of 2nd period - Trevor Kuntar is hit by Luca Del Bel Belluz and loses puck.
17:01 of 2nd period - Snap shot by Ryan Winterton.
17:01 of 2nd period - Shot Misses the Net.
17:03 of 2nd period - Snap shot by Jacob Quillan.
17:03 of 2nd period - Stopped by Arturs Silovs without a rebound.
17:04 of 2nd period - Jacob Quillan wins face-off versus Ivan Ivan in Tucson Roadrunners zone.
17:09 of 2nd period - Wrist shot by Ryan Winterton.
17:09 of 2nd period - Shot Misses the Net.
17:19 of 2nd period - Snap shot by Ivan Ivan.
17:19 of 2nd period - Stopped by Colten Ellis without a rebound.
17:20 of 2nd period - Steven Lorentz wins face-off versus Luca Del Bel Belluz in Philadelphia Phantoms zone.
18:28 of 2nd period - Michael Callahan is hit by Maxwell Crozier and loses puck.
18:50 of 2nd period - Minor Penalty to Ryan Johnson for Delaying the game.
18:51 of 2nd period - Ty Dellandrea wins face-off versus Luca Del Bel Belluz in Philadelphia Phantoms zone.
18:51 of 2nd period - Slapshot by Steven Lorentz.
18:51 of 2nd period - Stopped by Colten Ellis with a rebound.
18:53 of 2nd period - Backhand shot by Jani Hakanpaa.
18:53 of 2nd period - Stopped by Colten Ellis with a rebound.
18:55 of 2nd period - Snap shot by Hunter Haight.
18:55 of 2nd period - Shot Misses the Net.
18:57 of 2nd period - Slapshot by Tyson Barrie.
18:57 of 2nd period - Shot Blocked by Luca Del Bel Belluz.
18:59 of 2nd period - Slapshot by Tyson Barrie.
18:59 of 2nd period - Shot Blocked by Ryan Winterton.
19:01 of 2nd period - Snap shot by Ty Dellandrea.
19:01 of 2nd period - Shot Misses the Net.
19:03 of 2nd period - Snap shot by Steven Lorentz.
19:03 of 2nd period - Shot Misses the Net.
19:05 of 2nd period - Slapshot by Hunter Haight.
19:05 of 2nd period - Shot Misses the Net.
19:07 of 2nd period - Slapshot by Jani Hakanpaa.
19:07 of 2nd period - Deflect By Ty Dellandrea.
19:07 of 2nd period - Shot Misses the Net.
19:07 of 2nd period - Puck is out of play.
19:08 of 2nd period - Ivan Ivan wins face-off versus Jacob Quillan in Philadelphia Phantoms zone.
19:33 of 2nd period - Hunter Haight is hit by Luca Del Bel Belluz and loses puck.
Goals for this period are 0 for Tucson Roadrunners vs 0 for Philadelphia Phantoms.
Shots for this period are 6 for Tucson Roadrunners vs 4 for Philadelphia Phantoms.

3rd period


0:01 of 3rd period - Ryan Winterton wins face-off versus Ivan Ivan in neutral zone.
0:04 of 3rd period - Wrist shot by Dylan Coghlan.
0:04 of 3rd period - Stopped by Arturs Silovs without a rebound.
0:05 of 3rd period - Luca Del Bel Belluz wins face-off versus Ivan Ivan in Tucson Roadrunners zone.
0:06 of 3rd period - Snap shot by Ryan Winterton.
0:06 of 3rd period - Stopped by Arturs Silovs without a rebound.
0:07 of 3rd period - Luca Del Bel Belluz wins face-off versus Ivan Ivan in Tucson Roadrunners zone.
0:36 of 3rd period - Dylan Coghlan is hit by Steven Lorentz and loses puck.
0:50 of 3rd period - Penalty to Ryan Johnson is over, Ryan Johnson is back on ice.
1:03 of 3rd period - Wrist shot by Ondrej Pavel.
1:03 of 3rd period - Shot Blocked by Tyler Kleven.
1:26 of 3rd period - Trevor Kuntar is hit by Albert Johansson and loses puck.
2:54 of 3rd period - Snap shot by Tyson Barrie.
2:54 of 3rd period - Shot Blocked by Dylan Coghlan.
2:56 of 3rd period - Snap shot by Andre Lee.
2:56 of 3rd period - Shot Misses the Net.
2:58 of 3rd period - Snap shot by Andre Lee.
2:58 of 3rd period - Shot Blocked by Michael Callahan.
3:17 of 3rd period - Matt Rempe is hit by Ondrej Pavel and loses puck.
3:50 of 3rd period - Wrist shot by Ondrej Pavel.
3:50 of 3rd period - Shot Misses the Net.
3:52 of 3rd period - Wrist shot by Ondrej Pavel.
3:52 of 3rd period - Stopped by Colten Ellis with a rebound.
3:54 of 3rd period - Slapshot by Fabian Wagner.
3:54 of 3rd period - Shot Misses the Net.
3:56 of 3rd period - Snap shot by Andre Lee.
3:56 of 3rd period - Shot Blocked by Adam Klapka.
4:01 of 3rd period - Slapshot by Jani Hakanpaa.
4:01 of 3rd period - Shot Blocked by Michael Callahan.
4:03 of 3rd period - Wrist shot by Ondrej Pavel.
4:03 of 3rd period - Stopped by Colten Ellis with a rebound.
4:14 of 3rd period - Icing by Jani Hakanpaa.
4:15 of 3rd period - Luca Del Bel Belluz wins face-off versus Ondrej Pavel in Tucson Roadrunners zone.
4:19 of 3rd period - Off-side.
4:20 of 3rd period - Ty Dellandrea wins face-off versus Luca Del Bel Belluz in neutral zone.
4:47 of 3rd period - Ryan Winterton is hit by Ivan Ivan and loses puck.
5:14 of 3rd period - Snap shot by Matt Luff.
5:14 of 3rd period - Deflect By Chase Wheatcroft.
5:14 of 3rd period - Stopped by Colten Ellis without a rebound.
5:15 of 3rd period - Tye Kartye wins face-off versus Ty Dellandrea in Philadelphia Phantoms zone.
5:15 of 3rd period - Tye Kartye is hit by Ty Dellandrea.
5:24 of 3rd period - Off-side.
5:25 of 3rd period - Ty Dellandrea wins face-off versus Luca Del Bel Belluz in neutral zone.
5:25 of 3rd period - Ty Dellandrea is hit by Tye Kartye.
5:28 of 3rd period - Hunter Drew is hit by Nils Aman.
5:36 of 3rd period - Snap shot by Steven Lorentz.
5:36 of 3rd period - Shot Blocked by Albert Johansson.
5:38 of 3rd period - Wrist shot by Steven Lorentz.
5:38 of 3rd period - Stopped by Colten Ellis with a rebound.
5:40 of 3rd period - Snap shot by Steven Lorentz.
5:40 of 3rd period - Shot Misses the Net.
5:42 of 3rd period - Slapshot by Hunter Drew.
5:42 of 3rd period - Stopped by Colten Ellis with a rebound.
5:44 of 3rd period - Wrist shot by Steven Lorentz.
5:44 of 3rd period - Stopped by Colten Ellis with a rebound.
5:46 of 3rd period - Slapshot by Hunter Drew.
5:46 of 3rd period - Stopped by Colten Ellis with a rebound.
5:48 of 3rd period - Slapshot by Trevor Kuntar.
5:48 of 3rd period - Stopped by Colten Ellis with a rebound.
5:50 of 3rd period - Slapshot by Ty Dellandrea.
5:50 of 3rd period - Shot Misses the Net.
5:59 of 3rd period - Minor Penalty to Tye Kartye for Hooking.
6:00 of 3rd period - Jacob Quillan wins face-off versus Ivan Ivan in Philadelphia Phantoms zone.
6:14 of 3rd period - Snap shot by Ivan Ivan.
6:14 of 3rd period - Stopped by Colten Ellis with a rebound.
6:16 of 3rd period - Wrist shot by Ivan Ivan.
6:16 of 3rd period - Shot Misses the Net.
7:18 of 3rd period - Jaroslav Chmelar is hit by Dryden Hunt.
7:59 of 3rd period - Penalty to Tye Kartye is over, Tye Kartye is back on ice.
8:05 of 3rd period - Andre Lee is hit by Marcel Marcel.
8:11 of 3rd period - Snap shot by Jani Hakanpaa.
8:11 of 3rd period - Stopped by Colten Ellis with a rebound.
8:17 of 3rd period - Fabian Wagner is hit by Marcel Marcel and loses puck.
8:40 of 3rd period - Slapshot by Luca Del Bel Belluz.
8:40 of 3rd period - Stopped by Arturs Silovs without a rebound.
8:41 of 3rd period - Luca Del Bel Belluz wins face-off versus Ty Dellandrea in Tucson Roadrunners zone.
9:03 of 3rd period - Wrist shot by Matt Luff.
9:03 of 3rd period - Shot Misses the Net.
9:05 of 3rd period - Snap shot by Chase Wheatcroft.
9:05 of 3rd period - Stopped by Colten Ellis with a rebound.
9:07 of 3rd period - Slapshot by Samuel Knazko.
9:07 of 3rd period - Shot Blocked by Tyler Kleven.
9:21 of 3rd period - Wrist shot by Marcel Marcel.
9:21 of 3rd period - Shot Misses the Net.
9:23 of 3rd period - Slapshot by Adam Klapka.
9:23 of 3rd period - Stopped by Arturs Silovs with a rebound.
9:25 of 3rd period - Snap shot by Matt Rempe.
9:25 of 3rd period - Shot Misses the Net.
9:27 of 3rd period - Snap shot by Adam Klapka.
9:27 of 3rd period - Shot Misses the Net.
10:03 of 3rd period - Slapshot by Steven Lorentz.
10:03 of 3rd period - Shot Misses the Net.
10:05 of 3rd period - Slapshot by Trevor Kuntar.
10:05 of 3rd period - Stopped by Colten Ellis without a rebound.
10:06 of 3rd period - Luca Del Bel Belluz wins face-off versus Ty Dellandrea in Philadelphia Phantoms zone.
10:24 of 3rd period - Tye Kartye is hit by Trevor Kuntar and loses puck.
10:43 of 3rd period - Wrist shot by Ondrej Pavel.
10:43 of 3rd period - Stopped by Colten Ellis without a rebound.
10:44 of 3rd period - Jacob Quillan wins face-off versus Chase Wheatcroft in Philadelphia Phantoms zone.
10:51 of 3rd period - Wrist shot by Michael Carcone.
10:51 of 3rd period - Shot Misses the Net.
11:09 of 3rd period - Jaroslav Chmelar is hit by Trevor Kuntar and loses puck.
11:14 of 3rd period - Wrist shot by Ty Dellandrea.
11:14 of 3rd period - Shot Misses the Net.
12:28 of 3rd period - Jani Hakanpaa is hit by Jaroslav Chmelar and loses puck.
12:39 of 3rd period - Wrist shot by Matt Luff.
12:39 of 3rd period - Stopped by Colten Ellis with a rebound.
12:41 of 3rd period - Slapshot by Chase Wheatcroft.
12:41 of 3rd period - Deflect By Marc Gatcomb.
12:41 of 3rd period - Stopped by Colten Ellis with a rebound.
12:53 of 3rd period - Kai Uchacz is hit by Matt Luff and loses puck.
12:58 of 3rd period - Snap shot by Matt Luff.
12:58 of 3rd period - Stopped by Colten Ellis with a rebound.
13:00 of 3rd period - Snap shot by Topias Vilen.
13:00 of 3rd period - Stopped by Colten Ellis without a rebound.
13:01 of 3rd period - Ty Dellandrea wins face-off versus Jacob Quillan in Philadelphia Phantoms zone.
13:26 of 3rd period - Hunter Drew is hit by Matt Rempe and loses puck.
13:31 of 3rd period - Wrist shot by Matt Rempe.
13:31 of 3rd period - Stopped by Arturs Silovs without a rebound.
13:32 of 3rd period - Ivan Ivan wins face-off versus Marcel Marcel in Tucson Roadrunners zone.
13:37 of 3rd period - Tyson Barrie is hit by Matt Rempe and loses puck.
13:43 of 3rd period - Off-side.
13:44 of 3rd period - Jacob Quillan wins face-off versus Ty Dellandrea in neutral zone.
14:00 of 3rd period - Slapshot by Michael Carcone.
14:00 of 3rd period - Shot Misses the Net.
14:14 of 3rd period - Dryden Hunt is hit by Samuel Johannesson.
14:22 of 3rd period - Luca Del Bel Belluz is hit by William Carrier and loses puck.
14:35 of 3rd period - Chase Wheatcroft is hit by Tyler Kleven and loses puck.
14:42 of 3rd period - Wrist shot by Samuel Knazko.
14:42 of 3rd period - Shot Blocked by Jaroslav Chmelar.
14:48 of 3rd period - Minor Penalty to Marc Gatcomb for Boarding.
14:49 of 3rd period - Luca Del Bel Belluz wins face-off versus Ty Dellandrea in Philadelphia Phantoms zone.
15:14 of 3rd period - Maxwell Crozier is hit by Jaroslav Chmelar and loses puck.
16:48 of 3rd period - Penalty to Marc Gatcomb is over, Marc Gatcomb is back on ice.
16:48 of 3rd period - Hunter Haight is hit by Nils Aman and loses puck.
17:00 of 3rd period - Icing by Dylan Coghlan.
17:01 of 3rd period - Marcel Marcel wins face-off versus Matt Luff in Philadelphia Phantoms zone.
17:06 of 3rd period - Matt Luff is hit by Matt Rempe and loses puck.
17:45 of 3rd period - Backhand shot by Dylan Coghlan.
17:45 of 3rd period - Shot Blocked by Jani Hakanpaa.
17:47 of 3rd period - Wrist shot by Marc Gatcomb.
17:47 of 3rd period - Shot Blocked by Dryden Hunt.
17:49 of 3rd period - Snap shot by Kai Uchacz.
17:49 of 3rd period - Shot Blocked by Jani Hakanpaa.
18:05 of 3rd period - Slapshot by Jacob Quillan.
18:05 of 3rd period - Deflect By Michael Carcone.
18:05 of 3rd period - Shot Misses the Net.
18:05 of 3rd period - Puck is out of play.
18:06 of 3rd period - Matt Luff wins face-off versus Michael Carcone in Tucson Roadrunners zone.
18:19 of 3rd period - Backhand shot by Jacob Quillan.
18:19 of 3rd period - Shot Misses the Net.
18:21 of 3rd period - Wrist shot by Ryan Winterton.
18:21 of 3rd period - Stopped by Arturs Silovs without a rebound.
18:22 of 3rd period - Steven Lorentz wins face-off versus Kai Uchacz in Tucson Roadrunners zone.
18:32 of 3rd period - Kai Uchacz is hit by Trevor Kuntar and loses puck.
18:47 of 3rd period - Tye Kartye is hit by Jani Hakanpaa and loses puck.
19:53 of 3rd period - Ty Dellandrea is hit by Jacob Quillan.
Goals for this period are 0 for Tucson Roadrunners vs 0 for Philadelphia Phantoms.
Shots for this period are 17 for Tucson Roadrunners vs 6 for Philadelphia Phantoms.

Overtime #1


0:01 of 1st overtime period - Hunter Haight wins face-off versus Luca Del Bel Belluz in neutral zone.
0:03 of 1st overtime period - Minor Penalty to Jani Hakanpaa for Cross-checking.
0:04 of 1st overtime period - Hunter Haight wins face-off versus Jacob Quillan in Tucson Roadrunners zone.
0:12 of 1st overtime period - Michael Carcone is hit by Tyson Barrie and loses puck.
0:25 of 1st overtime period - Slapshot by Tyson Barrie.
0:25 of 1st overtime period - Shot Blocked by Albert Johansson.
2:03 of 1st overtime period - Penalty to Jani Hakanpaa is over, Jani Hakanpaa is back on ice.
2:14 of 1st overtime period - Slapshot by Samuel Knazko.
2:14 of 1st overtime period - Goal by Samuel Knazko - Tucson Roadrunners : 2 - Philadelphia Phantoms : 1.
Goals for this period are 1 for Tucson Roadrunners vs 0 for Philadelphia Phantoms.
Shots for this period are 1 for Tucson Roadrunners vs 0 for Philadelphia Phantoms.